 Dungeon Crawl Stone Soup version 0.21.1-1-g345015fe64 (webtiles) character file.

2122 Gargoyl the Chopper (level 9, -5/73 HPs)
             Began as a Centaur Abyssal Knight on Mar 23, 2018.
             Was a Priest of Lugonu.
             Slain by an orc warrior
             ... wielding a +0 war axe
              (18 damage)
             ... on level 7 of the Dungeon.
             The game lasted 00:11:18 (8398 turns).

Gargoyl the Chopper (Centaur Abyssal Knight)        Turns: 8398, Time: 00:11:19

Health: -5/73      AC: 13    Str: 14    XL:     9   Next: 8%
Magic:  13/13      EV:  4    Int: 11    God:    Lugonu [***...]
Gold:   296        SH:  0    Dex: 13    Spells: 8/8 levels left

rFire    . . .     SeeInvis .   a - +1 hand axe
rCold    . . .     Gourm    .   (no shield)
rNeg     . . .     Faith    .   e - +1 chain mail
rPois    .         Spirit   .   (no helmet)
rElec    .         Reflect  .   p - +1 cloak
rCorr    +         Harm     .   n - +0 pair of gloves
MR       .....                  (no barding)
Stlth    ..........             (no amulet)
HPRegen  0.22/turn              j - ring of resist corrosion
MPRegen  0.13/turn              (no ring)

@: heavily drained, very quick
A: large, hooves 3, deformed body, speed 2, tough skin 3
a: Depart the Abyss, Bend Space, Banish, Renounce Religion


You were on level 7 of the Dungeon.
You worshipped Lugonu.
Lugonu was most pleased with you.
You were near starving.

You visited 1 branch of the dungeon, and saw 7 of its levels.
You visited the Abyss 1 time.

You collected 296 gold pieces.

Inventory:

Hand Weapons
 a - a +1 hand axe (weapon)
 h - a cursed +3 war axe
Missiles
 o - 13 tomahawks (quivered)
Armour
 e - a +1 chain mail (worn)
 n - a +0 pair of gloves (worn)
 p - a +1 cloak (worn)
Jewellery
 j - a ring of resist corrosion (left hand)
Wands
 k - a wand of disintegration (12)
Scrolls
 b - a scroll of identify
 d - 3 scrolls of remove curse
 g - 7 scrolls of teleportation
 r - a scroll of magic mapping
 u - a scroll of blinking
Potions
 f - a potion of lignification
 i - 5 potions of curing
 l - 3 potions of heal wounds
 m - 2 potions of haste
 q - 2 potions of magic
 t - a potion of might
Comestibles
 c - 11 rations


   Skills:
 + Level 4.8(3.4) Fighting
 + Level 6.0(4.6) Axes
 * Level 5.9(4.5) Armour
 + Level 1.8(0.5) Dodging
 * Level 5.7(4.2) Invocations


You had 8 spell levels left.
You didn't know any spells.

Dungeon Overview and Level Annotations

Branches:
Dungeon (7/15)             Temple (0/1) D:4

Altars:
Dithmenos
Gozag
Nemelex Xobeh
Sif Muna
Trog
Wu Jian


Innate Abilities, Weirdness & Mutations

You have hooves in place of feet.
Armour fits poorly on your strangely shaped body.
You cover ground very quickly.
You have extremely tough skin. (AC +3)


Message History

There is a stone staircase leading up here.
Okay, then.
Unknown command.
Press: ? - help, Shift-Dir - straight line, f - orc warrior
Aim: an orc warrior, wielding a war axe and wearing a chain mail (chance to defeat MR: 83%)
You fail to use your ability.
The orc warrior hits you with a war axe.
Press: ? - help, Shift-Dir - straight line, f/p - orc warrior
Aim: an orc warrior, wielding a war axe and wearing a chain mail (chance to defeat MR: 83%)
You fail to use your ability.
Press: ? - help, Shift-Dir - straight line, f/p - orc warrior
Aim: an orc warrior, wielding a war axe and wearing a chain mail (chance to defeat MR: 83%)
You fail to use your ability.
The orc warrior hits you with a war axe!!
* * * LOW HITPOINT WARNING * * *
Press: ? - help, Shift-Dir - straight line, f/p - orc warrior
Aim: an orc warrior, wielding a war axe and wearing a chain mail (chance to defeat MR: 83%)
You fail to use your ability.
The orc warrior hits you with a war axe!!
You die...

###
#@#
#o#
#o#
#o#
#+#


You could see an orc warrior, an orc wizard and an orc.

Vanquished Creatures
  Pikel (D:4)
  A phantom (D:4)
  An ice beast (D:6)
  2 ogres
  The ghost of rzd the Poker, an amateur MfSk (D:3)
  2 wights (D:6)
  3 crimson imps (D:5)
  2 jellies (D:2)
  A bullfrog skeleton (D:4)
  4 hounds
  5 orc priests
  A centaur skeleton (D:4)
  Ijyb (D:4)
  2 iguanas
  3 orc wizards
  6 worker ants
  2 hound skeletons
  7 adders
  4 gnolls
  A shadow imp (D:5)
  10 oozes
  3 worms (D:2)
  4 dart slugs
  2 leopard geckos (D:1)
  22 orcs
  10 bats
  5 giant cockroaches
  8 hobgoblins
  3 jackals (D:1)
  4 quokkas
  A ball python (D:2)
  4 frilled lizards
  9 goblins
  A jackal skeleton (D:6)
  15 kobolds
  A leopard gecko zombie (D:5)
  A quokka zombie (D:4)
  4 rats
157 creatures vanquished.

Vanquished Creatures (others)
  A wizard (D:3)
  An orc warrior (D:4)
  A fungus (D:2)
  8 toadstools (D:2)
11 creatures vanquished.

Grand Total: 168 creatures vanquished

Notes
Turn   | Place    | Note
-------+----------+-------------------------------------------
     0 | Abyss:1  | Gargoyl the Centaur Abyssal Knight began the quest for the Orb.
     0 | Abyss:1  | Reached XP level 1. HP: 19/19 MP: 2/2
    59 | Abyss:1  | Noticed a death knight
    65 | D:1      | Escaped the Abyss
   502 | D:1      | Reached XP level 2. HP: 24/26 MP: 3/3
   636 | D:1      | Reached * piety under Lugonu
   857 | D:1      | Reached XP level 3. HP: 31/31 MP: 4/4
   862 | D:1      | Reached skill level 2 in Axes
  1474 | D:2      | Found a shadowy altar of Dithmenos.
  1774 | D:2      | Reached XP level 4. HP: 37/38 MP: 4/6
  2032 | D:2      | Reached skill level 1 in Dodging
  2045 | D:2      | Found an ornate altar of the Wu Jian Council.
  2253 | D:2      | Found a sparkling altar of Nemelex Xobeh.
  2336 | D:2      | Reached ** piety under Lugonu
  2505 | D:2      | Reached XP level 5. HP: 32/45 MP: 7/7
  2523 | D:2      | Reached skill level 3 in Axes
  2834 | D:3      | Found an opulent altar of Gozag.
  2995 | D:3      | Noticed rzd's ghost (amateur MfSk)
  3033 | D:3      | Killed rzd's ghost
  3033 | D:3      | Reached XP level 6. HP: 21/52 MP: 8/8
  3767 | D:3      | Found a bloodstained altar of Trog.
  3770 | D:3      | Noticed a wizard
  3777 | D:3      | Killed a wizard
  4117 | D:4      | Noticed Ijyb
  4130 | D:4      | Killed Ijyb
  4243 | D:4      | Reached skill level 4 in Axes
  4460 | D:4      | Reached *** piety under Lugonu
  4467 | D:4      | Reached XP level 7. HP: 45/58 MP: 9/9
  5370 | D:4      | Found a staircase to the Ecumenical Temple.
  5415 | D:4      | Reached skill level 5 in Axes
  5655 | D:4      | Reached XP level 8. HP: 50/66 MP: 11/11
  5732 | D:4      | Noticed Pikel
  5772 | D:4      | Killed Pikel
  5772 | D:4      | Reached skill level 5 in Armour
  5772 | D:4      | Reached skill level 5 in Invocations
  6218 | D:4      | Found a deep blue altar of Sif Muna.
  6297 | D:5      | Entered Level 5 of the Dungeon
  7724 | D:5      | Reached XP level 9. HP: 21/72 MP: 13/13
  8161 | D:6      | Reached skill level 6 in Axes
  8398 | D:7      | Slain by an orc warrior

Skill      XL: |  1  2  3  4  5  6  7  8  9 |
---------------+----------------------------+-----
Armour         | 2 3 4 5 |  5.9
Axes           | 2 3 4 5 6 |  6.0
Dodging        | 1 |  1.8
Invocations    | 3 4 5 |  5.7
Fighting       | 4 |  4.8

Action                   |  1- 3 |  4- 6 |  7- 9 || total
-------------------------+-------+-------+-------++-------
Melee: Hand axe          |    96 |   235 |   331 ||   662
       Kick              |    14 |    49 |    87 ||   150
Throw: Tomahawk          |       |       |     2 ||     2
Invok: Depart the Abyss  |     1 |       |       ||     1
       Banish            |       |       |     1 ||     1
  Use: Potion            |     1 |     1 |     2 ||     4
       Scroll            |     3 |     6 |     7 ||    16
  Eat: Chunk             |     2 |     8 |    10 ||    20
Armor: Chain mail        |    78 |   173 |   215 ||   466
       Skin              |       |       |     7 ||     7
Dodge: Dodged            |    25 |    46 |    66 ||   137
